[Event "*** Titled Tuesday Blitz"]
[Site "Chess.com"]
[Date "2020.05.12"]
[Round "10"]
[White "Zubrrr"]
[Black "serhanberat_ozdemir"]
[Result "1/2-1/2"]
[WhiteElo "2641"]
[BlackElo "2524"]
[TimeControl "180+1"]
[EndTime "11:54:53 PDT"]
[Termination "Game drawn - insufficient material"]

1. d4 Nf6 2. c4 g6 3. g3 Bg7 4. Bg2 O-O 5. Nc3 d6 6. Nf3 c6 7. O-O Qa5 8. e4 e5 9. h3 Re8 10. Be3 exd4 11. Nxd4 Be6 12. Nxe6 Rxe6 13. Qc2 Nbd7 14.
Rad1 Rae8 15. Rfe1 Ne5 16. b3 Ned7 17. Bd2 Qc7 18.
Kh2 Nc5 19. f3 Nh5 20. f4 Qe7 21. Bf3 Nf6 22. Re2 Nfxe4 23. Nxe4 Nxe4 24. Bb4 c5 25. Be1 f5 26. Kg2 Bd4 27. Qd3 Qd7 28. Qc2 b5 29.
Rd3 a6 30. Qd1 d5 31. cxb5 Qxb5 32. a4 Qb7 33. b4 Bf6 34. bxc5 Rd8 35. Bf2 Qc6 36.
Bd4 Bxd4 37. Rxd4 Qxc5 38. Rc2 Qe7 39. Rxd5 Red6 40. Rxd6 Rxd6 41. Qe1 Rd4 42. Re2 Qd7 43.
Qb1 Rd2 44. Qb3+ Kg7 45. Qc4 Rxe2+ 46. Qxe2 Qd2 47. Qxd2 Nxd2 48. a5 Nb3 49. Be2 Nxa5 50. Bxa6 Nc6 51. Be2 Nd4 52. Bd3 Kf6 53. Kf2 h6 54.
Ke3 Ne6 55. h4 g5 56. hxg5+ hxg5 57. fxg5+ Kxg5 58. Bxf5 Kxf5 59. g4+ Kg5 60. Ke4 Ng7 61. Ke5 Ne8 62. Kd5 Nf6+ 63. Ke6 Nxg4 1/2-1/2

[Event "*** Titled Tuesday Blitz"]
[Site "Chess.com"]
[Date "2020.05.12"]
[Round "10"]
[White "GianmarcoVaR"]
[Black "MusicCityMaster"]
[Result "0-1"]
[WhiteElo "2512"]
[BlackElo "2335"]
[TimeControl "180+1"]
[EndTime "11:54:56 PDT"]
[Termination "MusicCityMaster won on time"]

1. d4 d5 2. c4 dxc4 3. Nf3 Nf6 4. e3 e6 5. Bxc4 c5 6. O-O a6 7. Bb3 cxd4 8. exd4 Be7 9. Qe2 Nc6 10. Rd1 O-O 11. Nc3 Nb4 12. Bg5 Nbd5 13. Ne5 Re8 14. Rd3 Nxc3 15. bxc3 Nd5 16. Bxe7 Rxe7 17. Rg3 f6 18.
Ng4 Kh8 19. Bc2 Nf4 20. Qe4 Ng6 21. Qf3 f5 22. Ne3 Bd7 23. Rh3 Qe8 24. c4 Bc6 25. d5 exd5 26. cxd5 Bd7 27. Bxf5 Bxf5 28. Qxf5 Re5 29. Qg4 Rd8 30. Rd1 b5 31. Qd4 Re4 32. Qd3 Nf4 33. Qc2 Nxh3+ 34. gxh3 Qg6+ 35. Kf1 Rde8 36. Qd2 Qh5 37. Qe2 Qxh3+ 38. Ke1 Rxe3 39. fxe3 Rxe3 40. d6 Qh4+ 41. Kd2 Qd4+ 42. Ke1 Rxe2+ 43. Kxe2 Qe4+ 44. Kf2 Qf4+ 45. Ke2 Qxh2+ 46. Ke3 Qg3+ 47. Ke2 Qe5+ 48. Kf3 Qf5+ 49. Ke3 Qd7 50. Kd4 h5 51.
Kd5 h4 52. Re1 h3 53. Re7 Qf5+ 54. Re5 Qd3+ 55. Ke6 Kg8 56. d7 h2 57. Rd5 Qg6+ 58. Ke5 Qf6+ 59. Ke4 h1=Q+ 60. Ke3 Qe7+ 61. Re5 Qe1+ 62. Kf4 Q1xe5+ 63. Kg4 Q7g5+ 0-1

[Event "*** Titled Tuesday Blitz"]
[Site "Chess.com"]
[Date "2020.05.12"]
[Round "10"]
[White "Mikhail_Biryukov"]
[Black "ristingho"]
[Result "1-0"]
[WhiteElo "2659"]
[BlackElo "2529"]
[TimeControl "180+1"]
[EndTime "11:54:57 PDT"]
[Termination "Mikhail_Biryukov won on time"]

1. e4 c6 2. d4 d5 3. Nd2 dxe4 4. Nxe4 Bf5 5. Nc5 b6 6. Nb3 e6 7. Nf3 Nf6 8. g3 Bd6 9. Bg2 O-O 10. O-O Nbd7 11.
Nh4 Qc7 12. Nxf5 exf5 13. Qd3 g6 14. Bg5 Rfe8 15. Rfe1 Kg7 16. c4 Bb4 17. Rxe8 Rxe8 18. a3 Bf8 19. c5 bxc5 20. Nxc5 Nxc5 21. dxc5 Bxc5 22. Bxf6+ Kxf6 23. Rc1 Qe5 24. Bxc6 Re7 25. Bf3 Bb6 26. b4 f4 27. g4 Qb2 28. Rc2 Re1+ 29. Kg2 Qa1 30. Qc3+ Qxc3 31. Rxc3 Ra1 32. Be2 Kg5 33.
Rd3 f5 34. gxf5 Kxf5 35. h3 h5 36. h4 Ra2 37. Kf3 Kf6 38. Rc3 Ra1 39. Rc6+ Kg7 40. Bd3 Rxa3 41. Rxg6+ Kf7 42. Rd6 Ke7 43. Rd5 Ke6 44.
Ke4 Bxf2 45. Bc4 Ke7 46. Rxh5 Bg3 47. Rh7+ Kf6 48. h5 Kg5 49. Bf7 f3 50. Rg7+ Kh4 51. h6 f2 52. Bc4 Ra6 53. h7 Rh6 54. Kf3 Be5 55. Re7 Bc3 56. b5 Kg5 57. Kxf2 Kf6 58.
Rxa7 Kf5 59. Rc7 Ke5 60. Bd3 Kd4 61. Rd7+ Kc5 62. Kf3 Rf6+ 63. Kg4 Rh6 64. Rc7+ Kb4 65. Rc6 Rh1 66. b6 Rg1+ 67. Kf3 Bd4 68. b7 1-0

[Event "*** Titled Tuesday Blitz"]
[Site "Chess.com"]
[Date "2020.05.12"]
[Round "10"]
[White "Maksimus1998"]
[Black "vaishali2001"]
[Result "0-1"]
[WhiteElo "2455"]
[BlackElo "2641"]
[TimeControl "180+1"]
[EndTime "11:54:57 PDT"]
[Termination "vaishali2001 won by resignation"]

1. c4 e5 2. g3 Nf6 3. Bg2 c6 4. Nf3 e4 5. Nd4 Qb6 6. Nb3 a5 7. d3 a4 8. N3d2 d5 9. dxe4 dxe4 10. Nxe4 Nxe4 11. Bxe4 Bh3 12. Qc2 Bc5 13. e3 Nd7 14. Nc3 Nf6 15. Bf5 Bg2 16. Rg1 Bf3 17. g4 g6 18. Ne4 Nxe4 19. Bxe4 Bb4+ 20. Kf1 Bxe4 21. Qxe4+ Kd7 22. Qd4+ Qxd4 23. exd4 a3 24. Rg3 axb2 25.
Bxb2 Bd6 26. Rb3 Kc7 27. h3 Rhe8 28. a4 Re4 29. Bc3 Bf8 30. a5 Bg7 31. Rab1 Bxd4 32. Rxb7+ Kd6 33. Rd1 Kc5 34. Bxd4+ Rxd4 35. Rxd4 Kxd4 36.
Rxf7 Rxa5 37. Rxh7 Kxc4 38. Rg7 g5 39. Kg2 Re5 40.
h4 gxh4 41. f4 Re3 42. g5 Rg3+ 43. Kf2 Rg4 44. Kf3 Rg3+ 45. Ke4 h3 46. Rh7 c5 47.
Rh5 Kb3 48. f5 c4 49. Kf4 c3 50. Rh8 c2 51. Rb8+ Ka2 52. Ra8+ Kb2 53. Rb8+ Rb3 54.
Rc8 Rc3 55. Rb8+ Ka2 56. Ra8+ Kb3 57. Rb8+ Ka4 58. Ra8+ Kb5 59. Ra1 c1=Q+ 60. Rxc1 Rxc1 61. g6 h2 62. g7 Rg1 63. f6 h1=Q 64. f7 Rxg7 0-1

[Event "*** Titled Tuesday Blitz"]
[Site "Chess.com"]
[Date "2020.05.12"]
[Round "10"]
[White "CMS13"]
[Black "ChronicUnhappiness"]
[Result "1-0"]
[WhiteElo "2190"]
[BlackElo "2300"]
[TimeControl "180+1"]
[EndTime "11:54:57 PDT"]
[Termination "CMS13 won on time"]

1. e4 d6 2. Nc3 Nf6 3. Bc4 g6 4. d3 Bg7 5. f4 O-O 6. Nf3 c6 7. Bb3 d5 8. e5 Ne8 9. O-O Bg4 10. Qe1 Bxf3 11. Rxf3 e6 12. Kh1 c5 13. g4 Nc6 14.
Ne2 b5 15. c3 c4 16. dxc4 bxc4 17. Bc2 f5 18. gxf5 exf5 19. Nd4 Nxd4 20. cxd4 Nc7 21. Be3 Ne6 22. b3 Rc8 23. bxc4 Rxc4 24. Bb3 Kh8 25.
Bxc4 dxc4 26. Rd1 Qd5 27. Kg2 g5 28. Kf2 g4 29. Rg3 h5 30. h4 Rc8 31. Qc3 Bh6 32. Qc1 c3 33. Rd3 Qxa2+ 34. Kg1 c2 35. d5 Nxf4 36. Ra3 Qb1 37. Kf2 Qxc1 38. Bxc1 Nh3+ 39. Rxh3 Bxc1 40. Rhc3 Rxc3 41. Rxc3 f4 42. Rxc2 Be3+ 43. Ke2 Bb6 44. d6 f3+ 45. Kf1 g3 46. d7 g2+ 47.
Rxg2 fxg2+ 48. Kxg2 Kg7 49. Kf3 Kf7 50. Kf4 Ke6 51. Kg5 Bd8+ 52. Kxh5 a5 53. Kg6 a4 54.
h5 a3 55. h6 a2 56. h7 a1=Q 57. h8=Q Qg1+ 58. Kh7 Qh2+ 59. Kg8 Qg3+ 60. Qg7 Qf3 61. Qg6+ Kd5 62. Qd6+ Kc4 63. Qe6+ Kc3 64. Qf7 Qg4+ 65. Kf8 Qh4 66. Qf3+ 1-0

[Event "*** Titled Tuesday Blitz"]
[Site "Chess.com"]
[Date "2020.05.12"]
[Round "10"]
[White "aa175"]
[Black "Vesper2018"]
[Result "1-0"]
[WhiteElo "2401"]
[BlackElo "2241"]
[TimeControl "180+1"]
[EndTime "11:54:58 PDT"]
[Termination "aa175 won by resignation"]

1. d4 Nf6 2. Nf3 g6 3. Bf4 Bg7 4. e3 O-O 5. Be2 d6 6. O-O Nc6 7. c3 Nd7 8. Bg5 h6 9. Bh4 g5 10. Bg3 e5 11. Nfd2 f5 12. d5 Ne7 13. f3 Nxd5 14. Bc4 Nb6 15. Bxd5+ Nxd5 16. Bf2 Be6 17. c4 Ne7 18. Nc3 d5 19. cxd5 Nxd5 20. Nxd5 Qxd5 21.
Qc2 c6 22. Rfd1 Rfd8 23. Nb3 Qc4 24. Qxc4 Bxc4 25. Nc5 b6 26. Nb7 Rxd1+ 27. Rxd1 Bd5 28. Nd6 f4 29. e4 Bxa2 30. Nf5 Be6 31. Ne7+ Kf7 32.
Nxc6 Bf6 33. Ra1 a5 34. Bxb6 Ra6 35. Nd8+ Bxd8 36. Bxd8 a4 37. Bc7 Kf6 38. Bd8+ Kf7 39. Bc7 Kf6 40. Rc1 Bd7 41. Rc5 Rc6 42. Bxe5+ Ke6 43. Rxc6+ Bxc6 44. Bg7 h5 45. Bh6 Kf6 46. h4 gxh4 47. Bxf4 Bd7 48. Kh2 Kg6 49. Bd2 Be6 50. Be1 Kg5 51. Bd2+ Kg6 52. Ba5 h3 53. gxh3 Kg5 54.
Kg3 h4+ 55. Kg2 Kf4 56. Be1 Bc4 57. Bd2+ Ke5 58. Bg5 Kd4 59. Bxh4 Ke3 60. Bg5+ Ke2 61. f4 Bd3 62. e5 Bf5 63. Be7 Kd3 64. Ba3 Ke4 65. Kg3 Bd7 66. h4 Kf5 67. Be7 Kg6 68. Bb4 Be6 69. Bc3 Bf5 70. Be1 Kh5 71. Kf3 Kg6 72. Ke3 Bg4 73. Ke4 Bf5+ 74. Kd5 Kf7 75.
Kd6 Bg4 76. Ba5 Bf5 77. h5 Bg4 78.
h6 Bf5 79. e6+ 1-0

[Event "*** Titled Tuesday Blitz"]
[Site "Chess.com"]
[Date "2020.05.12"]
[Round "10"]
[White "MartinMatthiesen"]
[Black "kinga2008"]
[Result "1/2-1/2"]
[WhiteElo "2391"]
[BlackElo "2232"]
[TimeControl "180+1"]
[EndTime "11:55:00 PDT"]
[Termination "Game drawn - insufficient material"]

1. d4 Nf6 2. Nf3 g6 3. b3 Bg7 4. Bb2 d5 5. e3 O-O 6. Be2 Bg4 7. O-O Nbd7 8. Nbd2 Re8 9. c4 c6 10. h3 Bxf3 11.
Nxf3 Ne4 12. Qc2 e5 13. cxd5 cxd5 14. Bb5 Rc8 15. Qe2 exd4 16. Nxd4 Nc3 17. Qd3 Ne5 18. Qd2 Nxb5 19. Nxb5 a6 20. Nc3 Nc6 21. Rad1 d4 22. exd4 Qxd4 23. Qxd4 Nxd4 24. Na4 Ne2+ 25. Kh2 Bxb2 26.
Nxb2 Rc2 27. Nc4 Rxa2 28. Rfe1 Re6 29. Rd8+ Kg7 30. Rd7 Nf4 31. Rxe6 Nxe6 32. Kg3 Nc5 33. Rc7 Ne4+ 34. Kf3 Nd2+ 35. Nxd2 Rxd2 36. Rxb7 Rd3+ 37.
Ke4 Rd2 38. Ke3 Rb2 39. Rb6 a5 40. Rb5 Kf6 41. g4 Ke6 42. f4 Rh2 43. Rxa5 Rxh3+ 44. Ke4 Rxb3 45. Ra7 Rb4+ 46. Kf3 h5 47. gxh5 gxh5 48.
Ra6+ Kf5 49. Ra5+ Kg6 50. Rg5+ Kh6 51. Rf5 Kg6 52. Rg5+ Kh6 53. Kg3 Rb6 54. Kh4 Rf6 55.
Rxh5+ Kg6 56. Rg5+ Kh6 57. Kg4 Rg6 58. Kf5 Rxg5+ 59.
fxg5+ Kg7 60. Ke5 Kg6 61. Kf4 Kg7 62. Kf5 Kg8 63. Ke5 Kf8 64. Kf6 Kg8 65. g6 fxg6 66.
Kxg6 1/2-1/2

[Event "*** Titled Tuesday Blitz"]
[Site "Chess.com"]
[Date "2020.05.12"]
[Round "10"]
[White "Baby_Shak"]
[Black "Tooweak2slow03"]
[Result "1/2-1/2"]
[WhiteElo "2498"]
[BlackElo "2631"]
[TimeControl "180+1"]
[EndTime "11:55:01 PDT"]
[Termination "Game drawn by repetition"]

1. d4 e6 2. Bf4 f5 3. Nc3 Bb4 4. Nf3 b6 5. e3 Bb7 6. Bd3 Nf6 7. a3 Bxc3+ 8. bxc3 O-O 9. c4 d6 10. Qe2 Nbd7 11.
h3 Qe8 12. Bh2 Qg6 13. g4 Nxg4 14. hxg4 Qxg4 15. d5 exd5 16. Rg1 Qh5 17. O-O-O d4 18. Rg3 Rae8 19. Rdg1 Re7 20. Qf1 Bxf3 21. Rh3 Qe8 22. Rxf3 dxe3 23. fxe3 Rxe3 24. Rxg7+ Kxg7 25. Qg1+ Kh8 26. Rxe3 Qf7 27. Rf3 Qf6 28. Kb1 Nc5 29. Rxf5 Qg7 30.
Rg5 Qf6 31. Bf5 Na4 32. c3 Nxc3+ 33. Kc2 Ne2 34. Qe3 Nd4+ 35. Kd3 Nxf5 36. Qf4 Ng7 37. Qxf6 Rxf6 38. Rg2 Ne6 39. Kd2 Rg6 40. Rf2 Kg8 41. Kd3 Nc5+ 42. Kd4 Rg4+ 43. Kd5 h5 44. Kc6 Rxc4 45. Kd5 Rg4 46. Re2 Rg7 47. Kc6 a5 48.
Bf4 Rf7 49. Bh6 Kh7 50. Bg5 Kg6 51. Bd8 Nd3 52. Rg2+ Kf5 53. Bxc7 h4 54. Bxd6 Ke4 55.
Rg4+ Ke3 56. Rxh4 Kd2 57. Kxb6 Rf6 58. Kc7 Kc3 59. Rh5 a4 60. Rh3 Rf7+ 61. Kc6 Rf6 62.
Kd5 Rg6 63. Be5+ Kc2 64. Rh2+ Kb3 65. Rh3 Kc2 66. Rh2+ Kb1 67. Rh1+ Ka2 68. Rh2+ Kb3 69. Rh3 Kc2 1/2-1/2

[Event "*** Titled Tuesday Blitz"]
[Site "Chess.com"]
[Date "2020.05.12"]
[Round "10"]
[White "Ave_Mariia"]
[Black "TERMINATOR_PC"]
[Result "0-1"]
[WhiteElo "2281"]
[BlackElo "2476"]
[TimeControl "180+1"]
[EndTime "11:55:02 PDT"]
[Termination "TERMINATOR_PC won by resignation"]

1. c4 Nf6 2. Nc3 g6 3. g3 Bg7 4. Bg2 O-O 5. e3 d6 6. Nge2 e5 7. O-O Nc6 8. d3 Be6 9. Rb1 Qd7 10. b4 Bh3 11. b5 Nd8 12. Bb2 Bxg2 13. Kxg2 Ne6 14.
d4 e4 15. h4 Rae8 16. Qc2 g5 17. Rh1 c6 18. bxc6 bxc6 19. d5 cxd5 20. cxd5 Nc5 21.
hxg5 Ng4 22. Nf4 Qf5 23. Nb5 Be5 24. Nd4 Qxg5 25. Rh4 Nd3 26. Nxd3 Rc8 27. Qe2 Nxe3+ 28. Qxe3 Qxe3 29. fxe3 exd3 30. Rd1 Rb8 31. Rd2 Rfc8 32. Kf3 Rc2 33. Nxc2 Rxb2 34. Rxd3 Rxc2 35. Rb3 f5 36. Rh5 Rc1 37. Rxf5 Kg7 38. Ke4 Kg6 39. g4 Rc4+ 40.
Kd3 Rxg4 41. Rf8 Ra4 42. a3 a5 43. Rfb8 h5 44. e4 Rd4+ 45. Ke3 Rc4 46. Kf3 a4 47. Rd3 h4 48. Rg8+ Kh7 49. Rg1 h3 50. Rh1 h2 51.
Re3 Rc2 52. Rd3 Kg6 53. Re3 Kg5 54. Rd3 Kh4 55. Re3 Ra2 56. Rd3 Rc2 57. Re3 Rd2 58. Rf1 Kh3 59. Rh1 Ra2 60. Rf1 Rd2 61. Rh1 Rg2 62.
Ree1 Rg3+ 63. Kf2 Rxa3 64. Ra1 Rxa1 65. Rxa1 Bxa1 0-1

[Event "*** Titled Tuesday Blitz"]
[Site "Chess.com"]
[Date "2020.05.12"]
[Round "10"]
[White "guillembaches"]
[Black "GMartin_Petrov"]
[Result "0-1"]
[WhiteElo "2431"]
[BlackElo "2572"]
[TimeControl "180+1"]
[EndTime "11:55:04 PDT"]
[Termination "GMartin_Petrov won on time"]

1. e4 c5 2. Nf3 d6 3. d4 cxd4 4.
Nxd4 Nf6 5. Nc3 a6 6. Be2 e5 7.
Nf3 Be7 8. Bg5 Be6 9. Bxf6 Bxf6 10. Nd5 Nd7 11. Bc4 O-O 12. O-O Rc8 13. Bb3 Nc5 14. Re1 Bg5 15. c3 g6 16. Bc2 Bh6 17. Qe2 Kh8 18.
Rad1 Rg8 19. b4 Nd7 20. Bb3 Bf8 21. Rd3 f5 22. exf5 gxf5 23. Nd2 e4 24. Rg3 Ne5 25. Rxg8+ Bxg8 26. Nf4 Bxb3 27. Nxb3 Rxc3 28. Rd1 Qe8 29. Nd4 Qf7 30. Nde6 Bh6 31. Kh1 Bxf4 32. Nxf4 Nd3 33. Nxd3 exd3 34. Rxd3 Rc1+ 35. Rd1 Rxd1+ 36. Qxd1 Qxa2 37.
h3 Qe6 38. Qd4+ Kg8 39. Qb6 Qd7 40. Qd4 Kf7 41. Qd5+ Kg7 42. f4 Qe7 43. Kh2 Qd7 44. Kg3 h6 45. Kh2 Kg6 46. Qg8+ Kf6 47. Qh8+ Kg6 48.
Qg8+ Qg7 49. Qe6+ Qf6 50. Qg8+ Kh5 51. g4+ Kh4 52. g5 Qb2+ 53. Kg1 Qc1+ 54. Kf2 Qxf4+ 55. Ke2 Qe4+ 56. Kd2 Qf4+ 57. Kc2 Qxg5 58. Qe8 Kxh3 59.
Qe2 Qg3 60. Qh5+ Kg2 61. Qxh6 f4 62. Qxd6 f3 63. Qd2+ Qf2 0-1

[Event "*** Titled Tuesday Blitz"]
[Site "Chess.com"]
[Date "2020.05.12"]
[Round "10"]
[White "Witaliss"]
[Black "Trankuilizer"]
[Result "0-1"]
[WhiteElo "2421"]
[BlackElo "2556"]
[TimeControl "180+1"]
[EndTime "11:55:04 PDT"]
[Termination "Trankuilizer won on time"]

1. d4 Nf6 2. c4 c5 3. d5 b5 4. cxb5 a6 5. b6 Qxb6 6. Nc3 d6 7. e4 g6 8. Nf3 Nbd7 9. Be2 Bg7 10. O-O O-O 11.
Qc2 a5 12. Bb5 Ba6 13. a4 Bxb5 14. axb5 Qb7 15. Bg5 Nb6 16. Nd2 h6 17. Bh4 Ng4 18.
Ra2 f5 19. h3 Ne5 20. Rfa1 g5 21. Bg3 f4 22. Bh2 a4 23. Nxa4 Nxa4 24. Rxa4 Rxa4 25. Qxa4 Rb8 26. g3 fxg3 27. Bxg3 Qxb5 28. Qxb5 Rxb5 29.
Bxe5 Bxe5 30. Nc4 Bd4 31. Ra7 Kf8 32. e5 Bxe5 33. Nxe5 dxe5 34. Rc7 Rxb2 35. Rxc5 Rb6 36. Kg2 Kf7 37. Kf3 Rb4 38. Rc6 h5 39. Re6 Rf4+ 40. Kg3 Re4 41. Kf3 Re1 42. Kg2 e4 43. Re5 Kf6 44. Re6+ Kf5 45. Rxe7 Rd1 46. Rf7+ Kg6 47. Re7 Kf5 48. Rf7+ Ke5 49. h4 Rxd5 50. hxg5 Ke6 51.
Rh7 Rxg5+ 52. Kf1 Kf5 53. Ke2 Kg4 54. Ke3 Re5 55. Rg7+ Kh3 56. Kf4 Re8 57. Rh7 h4 58.
Rh6 Rf8+ 59. Ke3 Rf3+ 60. Ke2 Rf4 61. Ke3 Rg4 0-1

[Event "*** Titled Tuesday Blitz"]
[Site "Chess.com"]
[Date "2020.05.12"]
[Round "10"]
[White "GrafLermontov"]
[Black "Mouse-Sleep"]
[Result "1/2-1/2"]
[WhiteElo "2396"]
[BlackElo "2505"]
[TimeControl "180+1"]
[EndTime "11:55:04 PDT"]
[Termination "Game drawn by repetition"]

1. d4 Nf6 2. c4 a6 3. Nc3 c5 4. d5 b5 5. cxb5 axb5 6. Nxb5 Ba6 7. Nc3 d6 8. e4 Bxf1 9. Kxf1 Nbd7 10. Nf3 g6 11. g3 Bg7 12. Kg2 O-O 13. a4 Qa5 14. Qc2 Rfb8 15. Bd2 Ng4 16. Nb5 Qd8 17. Bc3 Nge5 18.
Nxe5 Nxe5 19. b3 Nd7 20. Bxg7 Kxg7 21. Qc3+ Kg8 22. h4 h5 23. g4 hxg4 24. h5 Nf6 25. hxg6 fxg6 26. Qe3 Qf8 27. Qg5 Qg7 28. Rh6 Nxe4 29. Qxg4 Qxh6 30. Qe6+ Kf8 31. Qxe4 Qg5+ 32.
Kh2 Rxb5 33. Qf3+ Kg8 34. Rg1 Qh6+ 35. Kg2 Rb4 36. Qe2 Qg7 37. Kf1 Rf8 38. Qe6+ Kh8 39. Rh1+ Qh7 40. Rxh7+ Kxh7 41. Qxe7+ Kg8 42. Qe6+ Kg7 43.
Qd7+ Rf7 44. Qxd6 Rxb3 45. Qe5+ Kg8 46. d6 Rd3 47. Qe8+ Kg7 48. Qe5+ Kh7 49. Qxc5 Rd2 50. Ke1 Ra2 51. d7 Rxd7 52. Qc4 Ra1+ 53. Ke2 Re7+ 54.
Kf3 Rae1 55. Qh4+ Kg7 56. Qd4+ Kg8 57. a5 Rf7+ 58. Kg2 Ree7 59. a6 Ra7 60. Qd8+ Kg7 61.
Qd4+ Kh7 62. Qb6 Kg7 63. Qd4+ Kh7 64. Qh4+ Kg8 65. Qd8+ Kg7 66. Qd4+ 1/2-1/2

[Event "*** Titled Tuesday Blitz"]
[Site "Chess.com"]
[Date "2020.05.12"]
[Round "10"]
[White "SHIVACalypso"]
[Black "OhanyanEminChess"]
[Result "1/2-1/2"]
[WhiteElo "2330"]
[BlackElo "2453"]
[TimeControl "180+1"]
[EndTime "11:55:04 PDT"]
[Termination "Game drawn - insufficient material"]

1. Nf3 Nf6 2. c4 g6 3. g3 Bg7 4. Bg2 O-O 5. O-O d6 6. Nc3 c5 7. d3 Nc6 8. a3 a6 9. Rb1 Rb8 10. b4 cxb4 11. axb4 b5 12. cxb5 axb5 13. Bd2 Bd7 14.
Qc1 Qb6 15. Be3 Qb7 16. Bh6 Rfc8 17. Bxg7 Kxg7 18. Qd2 Qb6 19. Rfc1 Nd4 20. Nxd4 Qxd4 21. e3 Qb6 22. Nd5 Nxd5 23. Bxd5 e6 24. Bf3 Rxc1+ 25.
Rxc1 Rc8 26. Qb2+ Kg8 27. Rxc8+ Bxc8 28. Qf6 Qc7 29. h4 h5 30. g4 hxg4 31. Bxg4 Bb7 32. e4 d5 33. h5 gxh5 34. Bxh5 dxe4 35. dxe4 Bxe4 36. Qg5+ Kh7 37. Be2 Bg6 38. Bxb5 Qc3 39. Qh4+ Kg7 40. Bf1 Qb2 41. b5 Qb1 42. Qd4+ Kh7 43.
b6 e5 44. Qxe5 Qxb6 45. Qh2+ Kg7 46. Qe5+ Kg8 47. Qe8+ Kh7 48. Qe3 Qf6 49. Qg3 Kg7 50.
Be2 Qa1+ 51. Kg2 Qd4 52. Bf3 Qf6 53. Qg4 Qe5 54. Qg3 Qf6 55. Qg4 Kg8 56. Qc8+ Kh7 57.
Qg4 Bf5 58. Qg3 Be6 59. Bg4 Bxg4 60. Qxg4 Qc6+ 61. Qf3 Qg6+ 62. Qg3 Qe6 63. Qh3+ Kg7 64. Qxe6 fxe6 65. Kf3 Kf6 66. Ke4 e5 67. f3 Ke6 68. f4 exf4 69. Kxf4 1/2-1/2

[Event "*** Titled Tuesday Blitz"]
[Site "Chess.com"]
[Date "2020.05.12"]
[Round "10"]
[White "NemtsevIgor"]
[Black "2L8IWUN"]
[Result "0-1"]
[WhiteElo "2289"]
[BlackElo "2452"]
[TimeControl "180+1"]
[EndTime "11:55:07 PDT"]
[Termination "2L8IWUN won by resignation"]

1. d4 Nf6 2. Bf4 e6 3. e3 d5 4. Nf3 Bd6 5. Bg3 O-O 6. Nbd2 c5 7.
c3 Qc7 8. Ne5 b6 9. f4 Ba6 10.
Bxa6 Nxa6 11. O-O Nd7 12. Qa4 Nab8 13. Bh4 f6 14. Nef3 Nc6 15. Rac1 e5 16. e4 exd4 17. exd5 Ne7 18. cxd4 Bxf4 19. dxc5 Nxc5 20. Qc4 Qd6 21.
b4 Nb7 22. Rfd1 Rfc8 23. Qe4 Rxc1 24. Rxc1 Nxd5 25. Nc4 Qd7 26. Rd1 Rd8 27. Rxd5 Bxh2+ 28. Kxh2 Qxd5 29. Qg4 h5 30. Qf4 Nd6 31. Ne3 Qe4 32. Bg3 Qxf4 33. Bxf4 a5 34. bxa5 bxa5 35. Nd5 Ne4 36. Ne7+ Kf7 37. Nc6 Rd1 38. Nxa5 Ra1 39. Nc4 Rxa2 40. Nd6+ Nxd6 41. Bxd6 Ke6 42. Bf8 g5 43.
Bc5 Kf5 44. Nd4+ Ke4 45. Ne6 Kd5 46. Ng7 Kxc5 47. Nxh5 Ra6 48. g4 Kd5 49. Kg3 Ke5 50. Ng7 Ra3+ 51. Kg2 Kf4 52. Nh5+ Ke5 53. Kf2 Rh3 54.
Ng7 Kf4 55. Nh5+ Rxh5 56. gxh5 Kf5 57. Kg3 Ke6 58. Kg4 Kf7 59. Kf5 Kg7 60. Kg4 Kh6 61. Kf5 Kxh5 62. Kxf6 g4 63. Kf5 g3 0-1

[Event "*** Titled Tuesday Blitz"]
[Site "Chess.com"]
[Date "2020.05.12"]
[Round "10"]
[White "shav3184"]
[Black "mamonika"]
[Result "1-0"]
[WhiteElo "2343"]
[BlackElo "2009"]
[TimeControl "180+1"]
[EndTime "11:55:07 PDT"]
[Termination "shav3184 won by resignation"]

1. e4 c5 2. Nf3 d6 3. d4 cxd4 4. Nxd4 Nf6 5. f3 e5 6. Nb3 Be6 7. c4 Qc7 8. Na3 a6 9. Be3 Nbd7 10. Be2 g6 11. O-O Bg7 12. Qd2 Rd8 13. Rfd1 Nc5 14. Nxc5 dxc5 15. Qxd8+ Qxd8 16. Rxd8+ Kxd8 17. Bxc5 Kc7 18. Rd1 Nd7 19. Be3 f5 20. Nc2 fxe4 21. fxe4 Nf6 22. Bd3 Rd8 23. Rd2 Ng4 24. h3 Nxe3 25.
Nxe3 Bh6 26. Kf2 Bxc4 27. Rc2 Rxd3 28. Nxc4 Kd8 29. Nxe5 Rd2+ 30. Rxd2+ Bxd2 31. Ke2 Bf4 32. Nf3 Ke7 33. Kd3 Kd6 34. Kd4 b6 35. e5+ Ke6 36.
Ke4 Bg3 37. Nd4+ Kd7 38. Kd5 Bf2 39. e6+ Kc7 40. Nc6 a5 41. Ne5 Kd8 42. Nc6+ Ke8 43. a4 Be3 44. b3 Bf2 45. Kc4 Be3 46. Kb5 Bf2 47. Kc4 Be3 48. Kd5 Bf2 49. Kd6 Bc5+ 50.
Kc7 Bf2 51. Kb7 Be3 52. Na7 Ke7 53.
Nc8+ Kxe6 54. Nxb6 g5 55. Nc4 Bc5 56. Nxa5 Kf5 57. Nc4 Kf4 58. Kc6 Bb4 59. Kb5 Bc3 60.
Nd6 Kg3 61. Nf7 Kxg2 62. Nxg5 h5 63. h4 Kg3 64. a5 Kxh4 65. Ne6 Kg4 66. a6 h4 67. a7 h3 68. a8=Q 1-0

[Event "*** Titled Tuesday Blitz"]
[Site "Chess.com"]
[Date "2020.05.12"]
[Round "10"]
[White "wanyaland"]
[Black "NZT72"]
[Result "0-1"]
[WhiteElo "2329"]
[BlackElo "2473"]
[TimeControl "180+1"]
[EndTime "11:55:08 PDT"]
[Termination "NZT72 won by resignation"]

1. d4 Nf6 2. c4 e6 3. Nc3 Bb4 4. Qc2 d5 5. e3 O-O 6. Bd3 c5 7. dxc5 Bxc5 8. Nf3 Nc6 9. a3 Be7 10. cxd5 exd5 11. O-O h6 12. h3 Be6 13. Rd1 Rc8 14.
Qa4 Qa5 15. Qc2 a6 16. Bd2 Qc7 17. Rac1 Rfd8 18. Ne2 Qb8 19. Qb1 Ne5 20. Nxe5 Qxe5 21. Bc3 Qb8 22. Nf4 Rc6 23. Nxe6 fxe6 24. Qc2 Rdc8 25. Qa4 Bd6 26. Bb1 Be5 27. Bxe5 Qxe5 28. Rxc6 Rxc6 29. Qb4 Qc7 30. Bg6 Rc1 31. Rxc1 Qxc1+ 32.
Kh2 Qc7+ 33. f4 a5 34. Qb5 d4 35. Qd3 dxe3 36. Qxe3 Kf8 37. Qe5 Qxe5 38. fxe5 Nd7 39. Be4 b6 40. a4 Nxe5 41. b3 Ke7 42. Kg3 g5 43. Bc2 Nd7 44. Kg4 Nf6+ 45. Kf3 Kd6 46. g3 Ke5 47. h4 Kd4 48. hxg5 hxg5 49. Bd1 e5 50. Bc2 e4+ 51. Ke2 Nd5 52. Kd2 e3+ 53. Ke1 Nc3 54. g4 Ke5 55. Bf5 Kd5 56. Bc8 Kc5 57. Be6 Kd4 58. Bd7 Kd3 59. Be6 Kc2 60.
Bf7 Kd3 61. Be6 Kd4 62. Bf7 Ne4 63. Ke2 Nf6 64. Kf3 Nxg4 65. Bc4 Ne5+ 66. Kg3 Nxc4 67. bxc4 Kd3 68. Kg4 e2 69. Kxg5 e1=Q 70. Kf5 Kxc4 0-1

[Event "*** Titled Tuesday Blitz"]
[Site "Chess.com"]
[Date "2020.05.12"]
[Round "10"]
[White "LLRChess"]
[Black "Semen_Khanin"]
[Result "1-0"]
[WhiteElo "2587"]
[BlackElo "2683"]
[TimeControl "180+1"]
[EndTime "11:55:10 PDT"]
[Termination "LLRChess won by checkmate"]

1. Nf3 Nf6 2. g3 g6 3. Bg2 Bg7 4. O-O O-O 5. d4 d6 6. Re1 Re8 7. e4 Nc6 8. e5 dxe5 9. dxe5 Qxd1 10. Rxd1 Ng4 11. Nc3 Ngxe5 12. Nb5 Nxf3+ 13. Bxf3 Be5 14. Bf4 Bf5 15. Nxc7 Bxc7 16. Bxc7 Rac8 17. Bf4 Bxc2 18. Rd2 Bf5 19. Be3 e5 20. Bxc6 Rxc6 21. Bxa7 Be4 22. Re1 Bf3 23. Be3 Rec8 24. Rd7 Rc2 25. b4 Rxa2 26. Bc5 Rca8 27. h3 Ra1 28. Kf1 Bc6 29. Rdd1 Rxd1 30. Rxd1 f6 31. Ke2 Kf7 32. Rd2 Ra3 33.
Be3 Rb3 34. Rd6 Rxb4 35. g4 Rb2+ 36. Kd3 Rb1 37. Kc2 Rh1 38. g5 fxg5 39. Bxg5 Rxh3 40.
Rf6+ Kg7 41. Re6 Rf3 42. Re7+ Rf7 43. Bh6+ Kf6 44. Bg5+ Kg7 45. Bh6+ Kg8 46. Rxe5 Rxf2+ 47. Kd3 Kf7 48. Kd4 Rh2 49. Bf4 h6 50. Bxh2 g5 51. Ke3 Kg6 52. Re7 Kf5 53. Rh7 Kg6 54. Rh8 h5 55.
Be5 h4 56. Kf2 Kf5 57. Bd6 b5 58. Be7 Kf4 59. Rf8+ Ke4 60. Bxg5 h3 61. Kg3 b4 62. Kxh3 b3 63. Rb8 Bd5 64. Kg3 Kd3 65. Bf4 Ke4 66. Bh6 Kd3 67. Bg7 Kc2 68. Kf4 Bc4 69.
Ke3 Bd5 70. Rc8+ Kb1 71. Rb8 Kc2 72. Rc8+ Kb1 73. Kd2 Be4 74. Rb8 Bc2 75. Kc3 Kc1 76. Rh8 Kb1 77. Rh1+ Ka2 78. Kd2 Bg6 79. Ra1# 1-0

[Event "*** Titled Tuesday Blitz"]
[Site "Chess.com"]
[Date "2020.05.12"]
[Round "10"]
[White "nonsopolo1"]
[Black "AsaHoffmann"]
[Result "1-0"]
[WhiteElo "2222"]
[BlackElo "2369"]
[TimeControl "180+1"]
[EndTime "11:55:11 PDT"]
[Termination "nonsopolo1 won by resignation"]

1. Nf3 d6 2. g3 e5 3. d3 Nf6 4.
Bg2 Be7 5. O-O O-O 6. c4 h6 7.
Nc3 Be6 8. Rb1 Qd7 9. Re1 Bh3 10. Bh1 c6 11. b4 Na6 12. a4 Nc7 13. b5 Rab8 14. Be3 a6 15. Ba7 Ra8 16. Bb6 Ne6 17. Nd2 d5 18. bxc6 bxc6 19. cxd5 cxd5 20. Qb3 Rfb8 21. a5 Nd4 22. Qa2 Be6 23. Bxd4 exd4 24. Na4 Rxb1 25. Rxb1 Qc6 26. Nf3 Rc8 27. Nxd4 Qc7 28.
Nb6 Rd8 29. Qb2 Bc5 30. Nxe6 fxe6 31. Rc1 Qd6 32. d4 Bb4 33. Qa2 Rb8 34. Rb1 Bc3 35. e3 Nd7 36. Nxd7 Rxb1+ 37. Qxb1 Qxd7 38. Qb6 Kf7 39. Qxa6 Qa4 40. Bf3 Qxa5 41. Bh5+ Kf6 42. Qb7 g6 43. Bg4 Qd8 44. Qh7 h5 45. Bf3 Qe7 46. Qh8+ Qg7 47. Qe8 Qe7 48. Qh8+ Qg7 49. Qc8 Qe7 50. Qxc3 e5 51. dxe5+ Qxe5 52. Qxe5+ Kxe5 53. Kg2 d4 54. exd4+ Kxd4 55. h4 Ke5 56. Be2 Kf5 57.
Bd3+ Kf6 58. f4 Kg7 59. Kf3 Kh6 60. Ke4 Kg7 61. Ke5 1-0